 Dungeon Crawl Stone Soup version 0.29.1-15-g9cfb28693d (webtiles) character file.

Game seed: 16267565872203524460

144 Smoke131 the Firebug (level 5, -2/38 HPs)
             Began as a Draconian Fire Elementalist on Feb 25, 2023.
             Slain by an orc
             ... wielding a +0 flail
              (6 damage)
             ... on level 3 of the Dungeon.
             The game lasted 00:06:17 (3837 turns).

Smoke131 the Firebug (Draconian Fire Elementalist)  Turns: 3837, Time: 00:06:18

Health: -2/38      AC:  6    Str: 10    XL:     5   Next: 5%
Magic:  5/9        EV: 12    Int: 18    God:
Gold:   125        SH:  0    Dex: 11    Spells: 4/10 levels left

rFire   . . .      SeeInvis .   t - +1 short sword (venom)
rCold   . . .      Faith    .   (no shield)
rNeg    . . .      Spirit   .   (body armour unavailable)
rPois   .          Reflect  .   (helmet restricted)
rElec   .          Harm     .   (no cloak)
rCorr   .          Rampage  .   (no gloves)
Will    .....                   h - +0 pair of boots
Stlth   ++........              (no amulet)
HPRegen 0.12/turn               (no ring)
MPRegen 0.11/turn               (no ring)

@: no status effects
A: AC +5, unfitting armour, cold-blooded
a: no special abilities


You were on level 3 of the Dungeon.
You visited 1 branch of the dungeon, and saw 3 of its levels.

You collected 125 gold pieces.

Inventory:

Hand Weapons
 t - a +1 short sword of venom (weapon)
Missiles
 q - 2 throwing nets
Armour
 h - a +0 pair of boots (worn)
Jewellery
 c - an amulet of magic regeneration
Scrolls
 b - a scroll of vulnerability {unknown}
 i - 3 scrolls of identify {unknown}
 j - 3 scrolls of teleportation {unknown}
 k - a scroll of fog {unknown}
 n - 3 scrolls of fear {unknown}
 s - a scroll of summoning {unknown}
Potions
 a - a potion of magic
 d - 3 potions of curing {unknown}
 e - a potion of lignification {unknown}
 f - a potion of berserk rage {unknown}
 l - a potion of invisibility {unknown}
 m - a potion of ambrosia {unknown}
 p - a potion of mutation {unknown}
 r - a potion of resistance {unknown}


   Skills:
 + Level 2.8 Dodging
 - Level 1.7 Stealth
 + Level 3.0 Spellcasting
 + Level 2.4 Conjurations
 + Level 3.8 Fire Magic


You had 4 spell levels left.
You knew the following spells:

 Your Spells              Type           Power      Damage    Failure   Level
a - Foxfire               Conj/Fire      56%        2x1d6     4%          1
b - Scorch                Fire           32%        2d6       4%          2
c - Conjure Flame         Conj/Fire      14%        6-21      13%         3

Your spell library contained the following spells:

 Spells                   Type           Power      Damage    Failure   Level
 Inner Flame              Hex/Fire       9%         N/A       22%         3
 Ensorcelled Hibernation  Hex/Ice        4%         N/A       24%         2
 Flame Wave               Conj/Fire      14%        2d6       41%         4
 Spider Form              Tmut/Pois      2%         N/A       43%         3
 Anguish                  Hex/Necr       1%         N/A       85%         4


Dungeon Overview and Level Annotations

Branches:
Dungeon (3/15)

Altars:
Elyvilon


Innate Abilities, Weirdness & Mutations

Your plain brown scales are hard. (AC +5)
You cannot fit into any form of body armour.
You are cold-blooded and may be slowed by cold attacks.


Message History

Flames lash the orc priest.
The orc priest is heavily wounded.
The orc priest's fire resistance burns away.
The orc priest closely misses you.
Casting: Scorch (safe; 5% risk of failure)
Confirm with . or Enter, or press ? or * to list all spells.
You don't have enough magic to cast this spell.
You barely miss the orc priest.
Your tail-slap misses the orc priest.
The orc priest is heavily wounded.
The orc priest hits you with a +0 hand axe.
You closely miss the orc priest.
The orc priest is heavily wounded.
The orc priest hits you with a +0 hand axe.
You hit the orc priest.
The orc priest is poisoned.
Your tail-slap misses the orc priest.
The orc priest is heavily wounded.
The orc priest calls down the wrath of Beogh upon you.
Beogh smites you!
* * * LOW HITPOINT WARNING * * *
You hit the orc priest.
The orc priest is severely wounded.
The orc priest is no longer more vulnerable to fire.
The orc priest looks encouraged for a moment.
Your magical contamination has completely faded away.
A worm comes into view.
You kill the orc priest!
Your Spellcasting skill increases to level 3!
You have reached level 5!
Magic courses through your body.
Casting: Scorch (safe; 4% risk of failure)
Confirm with . or Enter, or press ? or * to list all spells.
Flames lash the orc.
The orc is almost dead.
The orc's fire resistance burns away.
Casting: Scorch (safe; 4% risk of failure)
Confirm with . or Enter, or press ? or * to list all spells.
Flames lash the worm.
The worm is severely wounded.
The worm's fire resistance burns away.
The orc hits you with a +0 flail.
You die...

#........(.....
####..............
#..##.............
#.# ##............
#.# ##...........
#.# ##.......... #w#
##........# #.#
########## #@# #o#
#.# #.# #)# #.#
###)#########
#...........#
#.#....#.##.########


You could see a worm (combustible) and an orc (combustible).

Vanquished Creatures
  An orc priest (D:3)
  4 gnolls (D:2)
  An adder (D:3)
  A dart slug (D:1)
  4 orcs (D:3)
  9 ball pythons
  6 endoplasms
  4 giant cockroaches
  A hobgoblin (D:1)
  2 jackals (D:1)
  4 quokkas
  2 bats (D:1)
  5 frilled lizards
  4 goblins (D:1)
  10 kobolds
  5 rats
63 creatures vanquished.

Vanquished Creatures (others)
  59 foxfires
59 creatures vanquished.

Grand Total: 122 creatures vanquished

Notes
Turn   | Place    | Note
-------+----------+-------------------------------------------
     0 | D:1      | Smoke131 the Draconian Fire Elementalist began the quest
                  | for the Orb.
     0 | D:1      | Reached XP level 1. HP: 14/14 MP: 3/3
   336 | D:1      | Reached XP level 2. HP: 20/20 MP: 5/5
   339 | D:1      | Learned a level 2 spell: Scorch
   443 | D:1      | Found a faded altar of an unknown god.
   456 | D:1      | HP: 1/20 [constriction (1)]
  1000 | D:1      | Reached XP level 3. HP: 20/26 MP: 6/6
  1813 | D:2      | Learned a level 3 spell: Conjure Flame
  2602 | D:2      | Reached XP level 4. HP: 14/33 MP: 0/8
  3701 | D:3      | Found a white marble altar of Elyvilon.
  3833 | D:3      | Reached XP level 5. HP: 4/38 MP: 1/9
  3837 | D:3      | Slain by an orc

Illustrated notes

Levels and vault maps discovered:
D:1:      amcnicky_arrival_single_pillar, layout_loops_ring,
          nicolae_ecumenical_snake_handling
D:2:      layout_basic
D:3:      kennysheep_big_flooded_room, layout_loops_ring, general_overflow_altar

Skill      XL: |  1  2  3  4 |
---------------+-------------+-----
Dodging        | 2 |  2.8
Conjurations   | 2 |  2.4
Spellcasting   | 3 |  3.0
Stealth        | |  1.7
Fire Magic     | |  3.8

Action                   |  1- 3 |  4- 6 || total
-------------------------+-------+-------++-------
Melee: Unarmed           |    11 |       ||    11
       Dagger            |    12 |       ||    12
       Tailslap          |    14 |     5 ||    19
       Spear             |   114 |    12 ||   126
       Short sword       |       |    26 ||    26
 Cast: Foxfire           |    29 |     8 ||    37
       Scorch            |     1 |     9 ||    10
  Use: Potion            |     1 |     2 ||     3
 Stab: Sleeping          |     5 |     1 ||     6
Armor: Skin              |    57 |    17 ||    74
Dodge: Dodged            |   130 |    17 ||   147
